 Seeded DCSS version 0.27-a0-1188-g73eefd5def (webtiles) character file.

Game seed: 20210521 (custom seed)

1779 Snicker the Sneak (level 8, -1/60 HPs)
             Began as a Demonspawn Brigand on May 21, 2021.
             Was an Initiate of Gozag.
             Slain by Menkaure (13 damage)
             ... on level 7 of the Dungeon.
             The game lasted 00:14:36 (7615 turns).

Snicker the Sneak (Demonspawn Brigand)              Turns: 7615, Time: 00:14:37

Health: -1/60      AC:  8    Str: 10 (11) XL:     8   Next: 81%
Magic:  17/17      EV: 13    Int:  5 (8)  God:    Gozag
Gold:   286        SH:  0    Dex: 20 (21) Spells: 4/7 levels left

rFire    + . .     SeeInvis +   b - +5 hand axe "Wiubruoh" {drain, rF+ Int-4 Dex+3 SInv}
rCold    . . .     Faith    .   (no shield)
rNeg     . . .     Spirit   .   C - +0 leather armour
rPois    .         Reflect  .   (no helmet)
rElec    .         Harm     .   c - +0 cloak
rCorr    .         Rampage  .   j - +0 pair of gloves
Will     .....                  s - +0 pair of boots
Stlth    ++++......             z - amulet of magic regeneration
HPRegen  0.20/turn              y - ring of magical power
MPRegen  0.40/turn              (no ring)

@: no status effects
A: icy blue scales 1, demonic magic 2
a: Renounce Religion, Potion Petition, Call Merchant, Bribe Branch


You were on level 7 of the Dungeon.
You worshipped Gozag.
Gozag was aware of your devotion.
You visited 2 branches of the dungeon, and saw 8 of its levels.

You collected 547 gold pieces.
You spent 171 gold pieces at shops.
You paid 90 gold pieces to Gozag.

Inventory:

Hand Weapons
 a - a +2 dagger
 b - the +5 hand axe "Wiubruoh" (weapon) {drain, rF+ Int-4 Dex+3 SInv}
   (You found it on level 6 of the Dungeon)

   A truly terrible weapon, it drains the life of those it strikes.
   It affects your intelligence (-4).
   It affects your dexterity (+3).
   It protects you from fire.
   It lets you see invisible.
 E - the +5 morningstar of Plunder {antimagic, rF+ rC- Will+}
   (You bought it in a shop on level 3 of the Dungeon)

   It reduces the magical energy of the wielder, and disrupts the spells and
   magical abilities of those hit.
   Natural abilities and divine invocations are not affected.
   It protects you from fire.
   It makes you vulnerable to cold.
   It increases your willpower.
Missiles
 d - 28 poisoned darts
 e - a curare-tipped dart (quivered)
Armour
 c - a +0 cloak (worn)
 j - a +0 pair of gloves (worn)
 s - a +0 pair of boots (worn)
 C - a +0 leather armour (worn)
 D - a +0 robe
Jewellery
 y - a ring of magical power (left hand)
 z - an amulet of magic regeneration (around neck)
Wands
 t - a wand of mindburst (10)
 B - a wand of flame (19)
Scrolls
 h - a scroll of brand weapon {unknown}
 i - a scroll of enchant armour {unknown}
 k - 2 scrolls of blinking {unknown}
 m - 2 scrolls of vulnerability {unknown}
 n - a scroll of magic mapping {unknown}
 o - 2 scrolls of identify {unknown}
 v - 2 scrolls of noise {unknown}
 w - a scroll of teleportation {unknown}
 x - a scroll of fear {unknown}
 A - a scroll of amnesia {unknown}
Potions
 l - 2 potions of lignification
 q - a potion of flight
 r - a potion of attraction {unknown}
 u - a potion of brilliance


   Skills:
 + Level 4.1 Fighting
 * Level 6.8 Short Blades
 + Level 1.6(1.7) Axes
 + Level 0.7(1.3) Maces & Flails
 + Level 2.2 Throwing
 + Level 1.5 Armour
 + Level 3.5 Dodging
 * Level 6.8 Stealth
 + Level 1.0 Evocations


You had 4 spell levels left.
You knew the following spells:

 Your Spells              Type           Power      Damage    Failure   Level
a - Confusing Touch       Hex            0%         N/A       91%         3

Your spell library contained the following spells:

 Spells                   Type           Power      Damage    Failure   Level
 Foxfire                  Conj/Fire      0%         2x1d4     56%         1
 Conjure Flame            Conj/Fire      0%         6-21      91%         3
 Gell's Gravitas          Tloc           0%         N/A       91%         3
 Inner Flame              Hex/Fire       0%         N/A       91%         3
 Petrify                  Tmut/Erth      0%         N/A       100%        4
 Sticky Flame             Conj/Fire      0%         2d3       100%        4
 Fireball                 Conj/Fire      0%         3d3       100%        5
 Metabolic Englaciation   Hex/Ice        0%         N/A       100%        5
 Yara's Violent Unravell  Hex/Tmut       0%         3d3       100%        5


Dungeon Overview and Level Annotations

Branches:
Dungeon (7/15)             Temple (1/1) D:6

Altars:
Ashenzari
Cheibriados
Gozag
Qazlal
Wu Jian
Yredelemnul
Zin

Shops:
D:3 (   D:4 (   D:6 =

Annotations:
D:6 2 transporters, CougarLife's ghost, novice TrFi
D:7 Menkaure; Prince Ribbit


Innate Abilities, Weirdness & Mutations

You are partially covered in icy blue scales. (AC +2)
Spells you cast may paralyse nearby enemies.


Message History

There is an open door here.
You open the door.
Found a leather armour.
There is an open door here.
Found a plate armour.
You open the door.
There is an open door here.
Menkaure, Prince of Dust comes into view.
Prince Ribbit comes into view.
Menkaure shouts!
Menkaure calls on the powers of darkness!
Prince Ribbit convulses!
Prince Ribbit gives a loud, deep croak!
Your body is wracked with pain!
Menkaure blazes with dark energy!
You hit Prince Ribbit.
Prince Ribbit is severely wounded.
Prince Ribbit lets out a mournful croak.
Prince Ribbit hits you!
Menkaure calls on the powers of darkness!
Prince Ribbit convulses!
Your body is wracked with pain!
* * * LOW HITPOINT WARNING * * *
It was a potion of degeneration.
There was something very wrong with that liquid.
You feel weakened.
You feel dopey.
You feel clumsy.
Prince Ribbit hits you but does no damage.
Prince Ribbit completely misses you.
It was a potion of cancellation.
You feel magically purged. Prince Ribbit hits you.
* * * LOW HITPOINT WARNING * * *
It was a potion of curing.
You feel better. Prince Ribbit hits you!
* * * LOW HITPOINT WARNING * * *
You feel stupid.
You feel agile.
You sense an unholy aura.
b - the +5 hand axe "Wiubruoh" (weapon)
{drain, rF+ Int-4 Dex+3 SInv} Prince Ribbit mumbles some strange words.
Prince Ribbit easily resists.
Menkaure hits you!
You die...
Your body crumbles into a pile of gold.

#... .......### #.
.............. #####...
.......... #......# #####...
+......# #... .... #......#
#... ...... #......#. +...
...... #.FM...# . #...
......#####.@....# #. ####
.............#+#####.##+###..
.............# ............
.............+ ............
....[........# ###.....##..
###....######.. ##.....##..
#....#....... #......##..
#....'.........#.......#..
+....#.........#.......#..


You could see Prince Ribbit and Menkaure.

Vanquished Creatures
  A steam dragon (D:7)
  A black bear (D:4)
  A sky beast (D:5)
  3 ice beasts
  2 centaurs
  2 ogres (D:5)
  A bullfrog (D:7)
  3 scorpions
  A water moccasin zombie (D:4)
  A water moccasin skeleton (D:4)
  5 wights (D:7)
  A hound (D:5)
  A centaur skeleton (D:7)
  An iguana (D:6)
  2 orc wizards
  A hound skeleton (D:4)
  2 howler monkey zombies (D:6)
  7 adders
  2 worms
  A dart slug (D:4)
  9 orcs
  8 endoplasms
  3 giant cockroaches
  7 goblins
  6 hobgoblins
  8 jackals
  2 kobolds (D:1)
  A quokka (D:4)
  3 ball pythons
  7 bats
  5 frilled lizards
  2 rats
100 creatures vanquished.

Notes
Turn   | Place    | Note
-------+----------+-------------------------------------------
     0 | D:1      | Snicker the Demonspawn Brigand began the quest for the Orb.
     0 | D:1      | Reached XP level 1. HP: 16/16 MP: 1/1
   202 | D:1      | Gained mutation: You are partially covered in icy blue
                  | scales. (AC +2) [demonic ancestry]
   202 | D:1      | Reached XP level 2. HP: 22/22 MP: 2/2
   972 | D:2      | Reached skill level 1 in Dodging
  1089 | D:2      | Reached XP level 3. HP: 27/27 MP: 3/3
  1269 | D:2      | Found a faded altar of an unknown god.
  1732 | D:2      | Reached XP level 4. HP: 33/33 MP: 4/4
  1908 | D:2      | Learned a level 3 spell: Confusing Touch
  2103 | D:3      | Found Cawnoascho's Antique Weapon Boutique.
  2560 | D:3      | Reached skill level 5 in Stealth
  2637 | D:3      | You fall into a shaft and drop 1 floor!
  3036 | D:4      | Noticed a black bear
  3072 | D:4      | Killed a black bear
  3073 | D:4      | Reached XP level 5. HP: 17/39 MP: 5/5
  3512 | D:4      | Gained mutation: Spells you cast may paralyse adjacent
                  | enemies. [demonic ancestry]
  3512 | D:4      | Reached XP level 6. HP: 37/46 MP: 6/6
  3568 | D:4      | Found an ornate altar of the Wu Jian Council.
  3883 | D:4      | Found a basalt altar of Yredelemnul.
  4160 | D:4      | Found Qavucoy's Antique Weapon Shop.
  4192 | D:5      | Entered Level 5 of the Dungeon
  4834 | D:5      | Noticed a sky beast
  4841 | D:5      | Killed a sky beast
  4842 | D:5      | Gained mutation: Spells you cast may paralyse nearby
                  | enemies. [demonic ancestry]
  4842 | D:5      | Reached XP level 7. HP: 52/52 MP: 7/7
  5009 | D:5      | Reached skill level 5 in Short Blades
  5844 | D:6      | Found a staircase to the Ecumenical Temple.
  5856 | Temple   | Entered the Ecumenical Temple
  5936 | Temple   | Became a worshipper of Gozag Ym Sagoz the Greedy
  6330 | D:6      | Reached XP level 8. HP: 58/58 MP: 8/8
  6396 | D:6      | Identified the +5 hand axe "Wiubruoh" {drain, rF+ Int-4
                  | Dex+3 SInv}
  6449 | D:6      | Found a transporter.
  6449 | D:6      | Noticed CougarLife's ghost (novice TrFi)
  6463 | D:6      | Found a transporter.
  6559 | D:3      | Bought a twisted morningstar for 171 gold pieces
  6559 | D:3      | Identified the +5 morningstar of Plunder {antimagic, rF+
                  | rC- Will+} (You bought it in a shop on level 3 of the
                  | Dungeon)
  6758 | D:6      | Found Umuupp's Jewellery Emporium.
  6820 | D:6      | Reached skill level 1 in Evocations
  7149 | D:7      | Reached skill level 1 in Armour
  7242 | D:7      | Reached skill level 1 in Axes
  7445 | D:7      | Found a broken altar of Ashenzari.
  7607 | D:7      | Noticed Menkaure
  7608 | D:7      | Noticed Prince Ribbit
  7615 | D:7      | Slain by Menkaure

Illustrated notes

Levels and vault maps discovered:
D:1:      evilmike_arrival_rings, layout_basic, minmay_tiny_reverse_x
D:2:      layout_basic, hellmonk_ecumenical_altar_arch_garden
D:3:      layout_basic, serial_shops, shop
D:4:      layout_basic, nicolae_wu_jian_wuxing_cycle, kennysheep_mini_moat,
          serial_shops, kennysheep_little_box, minivault_5
D:5:      layout_basic, bh_walls_and_bars
D:6:      layout_basic, minmay_temple_entry_tees, serial_shops, shop,
          gammafunk_ghost_arena
D:7:      layout_gridville, general_overflow_altar, ashenzari_altar_1,
          uniq_menkaure, uniq_prince_ribbit1
Temple:   minmay_temple_curvy_branch

Skill      XL: |  1  2  3  4  5  6  7  8 |
---------------+-------------------------+-----
Short Blades   | 2 3 4 5 6 |  6.8
Stealth        | 4 5 6 |  6.8
Dodging        | 1 2 3 |  3.5
Throwing       | 2 |  2.2
Fighting       | 3 4 |  4.1
Evocations     | 1 |  1.0
Armour         | 1 |  1.5
Axes           | 1 |  1.6
Maces & Flails | |  0.7

Action                   |  1- 3 |  4- 6 |  7- 9 || total
-------------------------+-------+-------+-------++-------
Melee: Dagger            |   105 |   187 |   129 ||   421
       Hand axe          |       |       |    40 ||    40
       Morningstar       |       |       |     7 ||     7
Throw: Dart              |       |     6 |     5 ||    11
Evoke: Wand              |       |       |     2 ||     2
  Use: Potion            |       |     3 |     6 ||     9
 Stab: Sleeping          |    13 |     7 |     4 ||    24
Armor: Robe              |    20 |    72 |    15 ||   107
       Skin              |       |    16 |       ||    16
       Leather armour    |       |       |    52 ||    52
Dodge: Dodged            |    45 |   104 |   107 ||   256

Table legend: (Time is in decaauts)
 A = Elapsed time spent in this place.
 B = Non-inter-level travel time spent in this place.
 C = Inter-level travel time spent in this place.
 D = Time resting spent in this place.
 E = Time spent auto-exploring this place.
 F = Levels seen in this place.
 G = Mean time per level.
                   A        B        C        D        E       F      G
               +--------+--------+--------+--------+--------+-----+--------+
         Total |   7547 |   7116 |    431 |    516 |   5390 |   8 |  943.4 |
       Dungeon |   7444 |   7053 |    391 |    516 |   5329 |   7 | 1063.4 |
        Temple |    102 |     62 |     40 |      0 |     61 |   1 |  102.0 |
               +--------+--------+--------+--------+--------+-----+--------+

Top non-repeatable levels by time:
     D:5: 1619 daAuts
     D:4: 1384 daAuts
     D:2: 1089 daAuts
     D:1: 930 daAuts
     D:6: 897 daAuts
     D:3: 862 daAuts
     D:7: 661 daAuts
  Temple: 102 daAuts
